 Dungeon Crawl Stone Soup version 0.20-a0-1043-gbd57889 (webtiles) character file.

3381 Gorglomux the Cleaver (level 10, -9/132 HPs)
             Began as a Hill Orc Venom Mage on Apr 24, 2017.
             Was a Priest of Trog.
             Mangled by a two-headed ogre
             ... wielding a +0 giant club
              (25 damage)
             ... on level 8 of the Dungeon.
             The game lasted 00:14:53 (7179 turns).

Gorglomux the Cleaver (Hill Orc Venom Mage)         Turns: 7179, Time: 00:14:54

Health: -9/132     AC: 14    Str: 18    XL:     10   Next: 3%
Magic:  12/12      EV:  8    Int: 15    God:    Trog [***...]
Gold:   316        SH:  0    Dex: 17    Spells: 12/12 levels left

rFire    . . .     SeeInvis .   x - +4 battleaxe (freeze)
rCold    . . .     Gourm    .   (shield currently unavailable)
rNeg     . . .     Faith    +   e - +0 chain mail
rPois    .         Spirit   .   (no helmet)
rElec    .         Reflect  .   (no cloak)
rCorr    .         Harm     .   (no gloves)
MR       .....                  (no boots)
Stlth    ..........             t - amulet of faith {Faith, !P}
Regen    0.4/turn               s - +4 ring of dexterity
MPRegen  0.2/turn               q - +5 ring of protection

@: berserking, very quick
A: no striking features
a: Berserk, Trog's Hand, Burn Spellbooks, Renounce Religion


You were on level 8 of the Dungeon.
You worshipped Trog.
Trog was most pleased with you.
You were hungry.

You visited 1 branch of the dungeon, and saw 8 of its levels.

You collected 316 gold pieces.

Inventory:

Hand Weapons
 x - a +4 battleaxe of freezing (weapon)
   (You took it off Blork the orc on level 6 of the Dungeon)
Missiles
 a - a throwing net {=f, !d}
Armour
 b - a +0 ring mail
   (You found it on level 3 of the Dungeon)
 e - a +0 chain mail (worn)
   (You found it on level 3 of the Dungeon)
Jewellery
 q - a +5 ring of protection (right hand)
   (You found it on level 2 of the Dungeon)
 r - an uncursed ring of see invisible {sInv, !d}
   (You found it on level 2 of the Dungeon)
 s - a +4 ring of dexterity (left hand)
   (You found it on level 2 of the Dungeon)
 t - an amulet of faith (around neck) {Faith, !P}
   (You found it on level 5 of the Dungeon)
Wands
 v - a wand of clouds (4/9)
   (You took it off Pikel on level 7 of the Dungeon)
Scrolls
 d - 3 scrolls of identify
 j - a scroll of noise {unknown}
 l - 2 scrolls of teleportation {unknown}
 m - a scroll of magic mapping {unknown}
 n - a scroll of immolation {unknown}
 p - a scroll of blinking {unknown}
Potions
 f - 3 potions of haste
 g - 2 potions of curing
Books
 h - a book of the Sky
   (You found it on level 7 of the Dungeon)
Comestibles
 c - 6 bread rations {@e1@e1}
 i - 3 royal jellies
 k - 3 meat rations {@e2@e2}
 o - 2 fruits
 u - 2 chunks of flesh {@w0@w0}


   Skills:
 - Level 7.7 Fighting
 + Level 13.7 Axes
 * Level 5.4 Armour
 - Level 1.5 Dodging
 - Level 1.5 Stealth
 - Level 1.5 Spellcasting
   Level 1.0 Conjurations
   Level 2.6 Poison Magic


You had 12 spell levels left.
You didn't know any spells.

Dungeon Overview and Level Annotations

Branches:
Dungeon (8/15)             Temple (0/1) D:4
   Lair: D:8-11

Altars:
Dithmenos
Elyvilon
Kikubaaqudgha
Nemelex Xobeh
Sif Muna
Trog
Xom
Zin
The Shining One

Shops:
D:6 =   D:7 %


Message History

You closely miss the bullfrog. The bullfrog hits you.
The bullfrog hits you but does no damage.
Unknown command.
You take 3 damage, and have 85/88 hp.
Your chain mail prevents you from hitting the bullfrog.
The bullfrog hits you but does no damage.
Unknown command.
Unknown command.
You slash the bullfrog! You freeze the bullfrog.
The bullfrog hits you but does no damage. x2
You slice the bullfrog!! You freeze the bullfrog.
You kill the bullfrog!
Trog accepts your kill.
No target in view!
There isn't anything here!
Some of the chunks of flesh in your inventory have rotted away.
A quokka comes into view.
The quokka twitches its whiskers.
Health restored: 88 A quokka is nearby!
A quokka is nearby!
A quokka is nearby!
The quokka bites you but does no damage.
Unknown command.
You slice the quokka!! You freeze the quokka.
You kill the quokka!
Trog accepts your kill.
Unknown command.
No target in view!
No target in view!
You see here a quokka corpse.
You butcher the quokka corpse.
u - 10 chunks of flesh {@w0@w0} (gained 2)
There is an open door here.
Some of the chunks of flesh in your inventory have rotted away.
Eating one of 6 chunks of flesh {@w0@w0}.
You eat one of the 6 chunks of flesh {@w0@w0}.
You see here a potion of degeneration {!q}.
There is a stone staircase leading up here.
Some of the chunks of flesh in your inventory have rotted away.
Done exploring.
No target in view!
Done exploring.
Done exploring.
No target in view!
Done exploring.
No target in view!
Done exploring.
No target in view!
No target in view!
Done exploring.
Unknown command.
(D) Dungeon (T) Temple
Where to? (Enter - D:8 @ (x,y), ? - help)
You see here a chain mail.
There is a stone staircase leading down here.
You climb downwards.
There is a stone staircase leading up here.
Unknown command.
A worker ant comes into view.
The worker ant twitches its antennae in your direction.
The worker ant waves its antennae.
A worker ant is nearby!
You slash the worker ant! You freeze the worker ant.
You kill the worker ant!
Trog accepts your kill.
You see here a worker ant corpse.
A two-headed ogre comes into view. It is wielding two giant clubs.
Unknown command.
A two-headed ogre is nearby!
The two-headed ogre barely misses you.
The two-headed ogre hits you with a giant club!!
You hear an angry hiss.
You take 22 damage, and have 66/88 hp.
MASSIVE DAMAGE!!
You slash the two-headed ogre! You freeze the two-headed ogre!
The two-headed ogre barely misses you.
The two-headed ogre hits you with a giant club.
You take 4 damage, and have 62/88 hp.
You closely miss the two-headed ogre. You slash the two-headed ogre!
You freeze the two-headed ogre.
The two-headed ogre hits you with a giant club! x2
You hear an angry hiss.
You take 25 damage, and have 37/88 hp.
MASSIVE DAMAGE!!
A red film seems to cover your vision as you go berserk!
You feel yourself moving faster!
You feel mighty!
You are feeling hungry.
The two-headed ogre hits you with a giant club! x2
* * * LOW HITPOINT WARNING * * *
You slash the two-headed ogre! You freeze the two-headed ogre.
The two-headed ogre hits you with a giant club!
* * * LOW HITPOINT WARNING * * *
The two-headed ogre hits you with a giant club.
* * * LOW HITPOINT WARNING * * *
You now have 16/132 hp.
You barely miss the two-headed ogre.
Your chain mail prevents you from hitting the two-headed ogre.
The two-headed ogre hits you with a giant club!!
You die...

.. ##.# #. ##.
.## .. ..#..# .##
....# ##.. #.#.#
#.. ###O#.# #.# .
..#@.####<###.#
#.#..........#
#....##...####
#..#.†......#
######...##...#.#
........####.##.#
######### #.# #
#.# .#


You could see a two-headed ogre.

Vanquished Creatures
  Pikel (D:7)
  A wyvern (D:7)
  The ghost of Dirtsage the Slasher, an amateur DsBe of Trog (D:3)
  Menkaure (D:6)
  Duvessa (D:5)
  An ice beast (D:7)
  2 slaves (D:7)
  A black bear (D:6)
  A phantom (D:5)
  4 ogres
  A centaur (D:7)
  2 bullfrogs
  Blork the orc (D:6)
  Dowan (D:5)
  4 killer bees (D:7)
  5 wights (D:6)
  A crimson imp (D:7)
  2 centaur zombies (D:7)
  3 orc priests
  A bullfrog zombie (D:8)
  4 hounds
  4 orc wizards
  3 centaur skeletons
  3 iguanas
  Natasha (thrice) (D:3)
  8 worker ants
  A hound zombie (D:5)
  A hound skeleton (D:5)
  3 gnolls (D:5)
  7 adders
  A river rat (D:3)
  An ooze (D:1)
  An adder skeleton (D:7)
  6 worms
  4 dart slugs
  A leopard gecko (D:4)
  12 orcs
  2 ball pythons
  6 bats
  6 giant cockroaches
  7 goblins
  5 hobgoblins
  9 jackals
  5 quokkas
  9 frilled lizards
  9 kobolds
  2 quokka skeletons
  A quokka zombie (D:5)
  4 rats
163 creatures vanquished.

Vanquished Creatures (others)
  An ogre (D:7)
  An adder (D:7)
  An orc (D:7)
3 creatures vanquished.

Grand Total: 166 creatures vanquished

Notes
Turn   | Place    | Note
-------+----------+-------------------------------------------
     0 | D:1      | Gorglomux the Hill Orc Venom Mage began the quest for the Orb.
     0 | D:1      | Reached XP level 1. HP: 14/14 MP: 3/3
   149 | D:1      | Reached skill level 1 in Fighting
   187 | D:1      | Reached skill level 2 in Fighting
   187 | D:1      | Reached XP level 2. HP: 14/24 MP: 0/4
   572 | D:1      | Reached skill level 3 in Fighting
   588 | D:1      | Reached XP level 3. HP: 12/31 MP: 0/5
  1411 | D:2      | Reached skill level 4 in Fighting
  1478 | D:2      | Reached XP level 4. HP: 40/40 MP: 0/6
  2345 | D:3      | Noticed Dirtsage's ghost (amateur DsBe)
  2538 | D:3      | Found a bloodstained altar of Trog.
  2541 | D:3      | Found a shadowy altar of Dithmenos.
  2542 | D:3      | Found a sparkling altar of Nemelex Xobeh.
  2542 | D:3      | Found a white marble altar of Elyvilon.
  2542 | D:3      | Found a glowing silver altar of Zin.
  2547 | D:3      | Became a worshipper of Trog the Wrathful
  2603 | D:3      | Killed Dirtsage's ghost
  2603 | D:3      | Reached skill level 6 in Fighting
  2603 | D:3      | Reached XP level 5. HP: 51/51 MP: 7/7
  2644 | D:3      | Reached XP level 6. HP: 58/58 MP: 8/8
  2715 | D:3      | Found an ancient bone altar of Kikubaaqudgha.
  2715 | D:3      | Found a deep blue altar of Sif Muna.
  2771 | D:3      | Noticed Natasha
  2793 | D:3      | Killed Natasha
  2793 | D:3      | Reached skill level 7 in Fighting
  2890 | D:3      | Noticed Natasha
  2927 | D:3      | HP: 15/60 [poisoned by an adder]
  2933 | D:3      | HP: 15/90 [poisoned by an adder]
  2939 | D:3      | HP: 14/90 [poisoned by an adder]
  3120 | D:3      | Killed Natasha
  3141 | D:3      | Noticed Natasha
  3150 | D:3      | Killed Natasha
  3150 | D:3      | Reached * piety under Trog
  3407 | D:4      | Reached skill level 1 in Axes
  3431 | D:4      | Reached skill level 2 in Axes
  3640 | D:4      | Reached skill level 3 in Axes
  3640 | D:4      | Reached XP level 7. HP: 54/67 MP: 9/9
  3675 | D:4      | Reached skill level 4 in Axes
  3920 | D:4      | Found a staircase to the Ecumenical Temple.
  3924 | D:4      | Reached skill level 5 in Axes
  4024 | D:4      | Found a shimmering altar of Xom.
  4241 | D:5      | Entered Level 5 of the Dungeon
  4261 | D:5      | Reached skill level 6 in Axes
  4396 | D:5      | Reached ** piety under Trog
  4401 | D:5      | Reached skill level 7 in Axes
  4411 | D:5      | Reached XP level 8. HP: 44/74 MP: 10/10
  4591 | D:5      | Reached skill level 8 in Axes
  4639 | D:5      | Noticed Duvessa
  4641 | D:5      | Noticed Dowan
  4646 | D:5      | Killed Duvessa
  4650 | D:5      | Killed Dowan
  4650 | D:5      | Reached skill level 9 in Axes
  5130 | D:6      | Reached skill level 10 in Axes
  5232 | D:6      | Reached skill level 11 in Axes
  5372 | D:6      | Noticed Blork the orc
  5377 | D:6      | Killed Blork the orc
  5377 | D:6      | Reached XP level 9. HP: 80/80 MP: 11/11
  5466 | D:6      | Found a glowing golden altar of the Shining One.
  5551 | D:6      | Noticed Menkaure
  5553 | D:6      | Found Pooxzok's Jewellery Shoppe.
  5560 | D:6      | Killed Menkaure
  5564 | D:6      | Reached skill level 12 in Axes
  5617 | D:6      | Reached *** piety under Trog
  6083 | D:7      | Reached skill level 13 in Axes
  6562 | D:7      | Reached skill level 1 in Armour
  6654 | D:7      | Reached skill level 2 in Armour
  6754 | D:7      | Found Red Lyliom's Food Shoppe.
  6758 | D:7      | Noticed Pikel
  6766 | D:7      | Killed Pikel
  6766 | D:7      | Reached skill level 4 in Armour
  6861 | D:7      | Reached skill level 5 in Armour
  6869 | D:7      | Reached XP level 10. HP: 88/88 MP: 12/12
  7169 | D:8      | Noticed a two-headed ogre
  7176 | D:8      | HP: 32/132 [two-headed ogre/giant club (9)]
  7179 | D:8      | Mangled by a two-headed ogre

Vault maps used:
D:1:      dpeg_arrival_leaves_temple_mockup, minmay_misc_feat_plants,
          minmay_surrounded
D:3:      grunt_temple_overflow_open, gammafunk_temple_overflow_elements,
          lightli_sewer_entry_pipes, uniq_natasha
D:4:      xom_teletrap_fun, minmay_temple_entry_junction
D:5:      first_bread, kennysheep_nub, kennysheep_generic_room_13, uniq_duvessa
D:6:      lemuel_crystal_altar, serial_shops, nicolae_shop_crystal,
          uniq_menkaure, uniq_blork_the_orc
D:7:      serial_shops, shop, uniq_pikel
D:8:      lemuel_coloured_pillars_altar, grunt_qazlal_sundering

Skill      XL: |  1  2  3  4  5  6  7  8  9 |
---------------+----------------------------+-----
Fighting       | 2 3 4 6 7 |  7.7
Axes           | 3 7 11 13 | 13.7
Armour         | 5 |  5.4
Dodging        | |  1.5
Stealth        | |  1.5
Spellcasting   | |  1.5
Conjurations   | |  1.0
Poison Magic   | |  2.6

Action                   |  1- 3 |  4- 6 |  7- 9 | 10-12 || total
-------------------------+-------+-------+-------+-------++-------
Melee: Short sword       |    15 |       |       |       ||    15
       Mace              |    48 |   149 |       |       ||   197
       War axe           |       |    45 |    15 |       ||    60
       Hand axe          |       |       |   151 |       ||   151
       Battleaxe         |       |       |    99 |    15 ||   114
 Cast: Sting             |    55 |    29 |       |       ||    84
Invok: Burn Spellbooks   |       |     1 |     1 |       ||     2
       Berserk           |       |     1 |    11 |     1 ||    13
  Use: Potion            |       |     4 |       |       ||     4
       Scroll            |       |     3 |     3 |       ||     6
  Eat: Chunk             |     3 |    10 |    19 |     1 ||    33
       Royal jelly       |       |       |     1 |       ||     1
Armor: Robe              |    22 |    17 |       |       ||    39
       Ring mail         |       |   112 |    81 |       ||   193
       Skin              |       |    20 |       |       ||    20
       Chain mail        |       |       |    22 |     6 ||    28
Dodge: Dodged            |    73 |   143 |   114 |     4 ||   334

Vault maps used:
D:1:      dpeg_arrival_leaves_temple_mockup, minmay_misc_feat_plants,
          minmay_surrounded
D:3:      grunt_temple_overflow_open, gammafunk_temple_overflow_elements,
          lightli_sewer_entry_pipes, uniq_natasha
D:4:      xom_teletrap_fun, minmay_temple_entry_junction
D:5:      first_bread, kennysheep_nub, kennysheep_generic_room_13, uniq_duvessa
D:6:      lemuel_crystal_altar, serial_shops, nicolae_shop_crystal,
          uniq_menkaure, uniq_blork_the_orc
D:7:      serial_shops, shop, uniq_pikel
D:8:      lemuel_coloured_pillars_altar, grunt_qazlal_sundering

Table legend:
 A = Turns spent in this place as a percentage of turns spent in the entire game.
 B = Non-inter-level travel turns spent in this place as a percentage of non-inter-level travel turns spent in the entire game.
 C = Inter-level travel turns spent in this place as a percentage of turns spent in this place.
 D = Turns resting spent in this place as a percentage of non-inter-level travel turns spent in this place.
 E = Turns spent auto-exploring this place as a percentage of non-inter-level travel turns spent in this place.
 F = Non-inter-level travel turns spent in this place divided by the number of levels of this place that you've seen.
                   A       B       C       D       E      F
               +-------+-------+-------+-------+-------+----------------------
         Total | 100.0 | 100.0 |   0.8 |   4.2 |   7.2 | 315.9
       Dungeon | 100.0 | 100.0 |   0.8 |   4.2 |   7.2 | 315.9
               +-------+-------+-------+-------+-------+----------------------

Table legend:
 A = Kills in this place as a percentage of kills in entire the game.
 B = Kills by you in this place as a percentage of kills by you in the entire game.
 C = Kills by friends in this place as a percentage of kills by friends in the entire game.
 D = Other kills in this place as a percentage of other kills in the entire game.
 E = Experience gained in this place as a percentage of experience gained in the entire game.
 F = Experience gained in this place divided by the number of levels of this place that you have seen.
                   A       B       C       D       E      F
               +-------+-------+-------+-------+-------+----------------------
         Total | 100.0 | 100.0 |  -nan |  -nan | 100.0 | 603.9
       Dungeon | 100.0 | 100.0 |  -nan |  -nan | 100.0 | 603.9
               +-------+-------+-------+-------+-------+----------------------
